 Dungeon Crawl Stone Soup version 0.25.1-8-g42b30a86e7 (webtiles) character file.

Game seed: 8339167645205607280

1335 roke1 the Cleaver (level 8, 0/70 HPs)
             Began as a Hill Orc Fighter on Dec 5, 2020.
             Slain by Prince Ribbit (11 damage)
             ... on level 5 of the Dungeon.
             The game lasted 00:08:01 (5570 turns).

roke1 the Cleaver (Hill Orc Fighter)                Turns: 5570, Time: 00:08:02

Health: 0/70       AC:  7    Str: 19    XL:     8   Next: 61%
Magic:  8/8        EV:  8    Int:  8    God:
Gold:   302        SH: 10    Dex: 12    Spells: 7/7 levels left

rFire    . . .     SeeInvis .   a - +1 war axe
rCold    . . .     Gourm    .   c - +0 kite shield
rNeg     . . .     Faith    .   b - +0 scale mail
rPois    .         Spirit   .   (no helmet)
rElec    .         Reflect  .   (no cloak)
rCorr    .         Harm     .   (no gloves)
MR       .....                  (no boots)
Stlth    ..........             (no amulet)
HPRegen  0.21/turn              (no ring)
MPRegen  0.11/turn              (no ring)

@: no status effects
A: no striking features
a: no special abilities


You were on level 5 of the Dungeon.
You were not hungry.

You visited 2 branches of the dungeon, and saw 7 of its levels.

You collected 302 gold pieces.

Inventory:

Hand Weapons
 a - a +1 war axe (weapon)
Armour
 b - a +0 scale mail (worn)
 c - a +0 kite shield (worn)
 h - a +1 ring mail of poison resistance
Jewellery
 i - a +4 ring of evasion {unknown}
 s - a +6 ring of intelligence {unknown}
Wands
 g - a wand of digging (4)
Scrolls
 j - a scroll of amnesia {unknown}
 l - a scroll of random uselessness {unknown}
 n - a scroll of magic mapping {unknown}
 o - 2 scrolls of enchant weapon
 q - 2 scrolls of teleportation
 t - a scroll of remove curse {unknown}
 u - 2 scrolls of identify
Potions
 d - a potion of might
 e - a potion of curing
 k - a potion of lignification
 m - a potion of cancellation {unknown}
 p - 2 potions of haste
 r - 2 potions of stabbing
Comestibles
 f - 10 rations


   Skills:
 + Level 6.1 Fighting
 * Level 8.2 Axes
 + Level 5.4 Armour
 * Level 7.3 Shields


You had 7 spell levels left.
You didn't know any spells.
Your spell library was empty.

Dungeon Overview and Level Annotations

Branches:
Dungeon (6/15)             Temple (1/1) D:5

Altars:
Ashenzari
Cheibriados
Dithmenos
Elyvilon
Fedhas
Gozag
Hepliaklqana
Kikubaaqudgha
Makhleb
Nemelex Xobeh
Okawaru
Qazlal
Ru
Sif Muna
Trog
Uskayaw
Vehumet
Wu Jian
Xom
Zin
The Shining One

Shops:
D:4 (

Annotations:
D:5 1 runed translucent door, Crazy Yiuf, Prince Ribbit


Message History

Prince Ribbit closely misses you. You block Prince Ribbit's attack.
You hit Prince Ribbit.
Prince Ribbit is lightly wounded.
Prince Ribbit hits you!
You are too injured to fight recklessly!
You are too injured to fight recklessly!
You are too injured to fight recklessly!
You are too injured to fight recklessly!
Evoke which item? (* to show all) (? for menu, Esc to quit)
Okay, then.
Prince Ribbit hits you!
* * * LOW HITPOINT WARNING * * *
Things that are here:
a +0 robe; a cursed -3 morningstar You slash Prince Ribbit!
Prince Ribbit is moderately wounded.
Prince Ribbit hits you!
* * * LOW HITPOINT WARNING * * *
You feel better. You block Prince Ribbit's attack. Prince Ribbit hits you!
You die...

... #............≈≈≈≈≈ #+#
#....##.##..##≈≈.≈ ♣.♣♣
#######....##..######... ♣♣.♣
##..........##..####..... ♣.♣♣
##.........####........... ♣♣.♣
#........(................ ♣♣.♣♣
#........[.###....###..#.. ♣.P.♣
#......)>F.....#.......... .P..♣
#........@.#..####..##÷... ....#
#...............##....#.<. ....#
##........###...##.>.....# ...##
#...........#.............
#.######.........................
#.................##...##....####
########..........##...####### #
#..........##...#
##........###.>.#


You could see Prince Ribbit.

Vanquished Creatures
  Menkaure (D:5)
  2 ice beasts
  2 sky beasts (D:4)
  An ogre (D:4)
  A wight (D:5)
  A howler monkey (D:4)
  A crimson imp (D:5)
  3 hounds
  2 orc priests
  5 orc wizards
  A bullfrog skeleton (D:5)
  5 worker ants
  6 adders
  A shadow imp (D:5)
  2 oozes
  An adder skeleton (D:4)
  An adder zombie (D:5)
  2 worms
  11 dart slugs
  3 leopard geckos
  29 orcs
  2 giant cockroaches
  8 goblins
  2 hobgoblins (D:2)
  4 jackals (D:4)
  12 kobolds
  3 quokkas
  3 bats
  A frilled lizard (D:3)
  A quokka skeleton (D:4)
  10 rats
127 creatures vanquished.

Notes
Turn   | Place    | Note
-------+----------+-------------------------------------------
     0 | D:1      | roke1 the Hill Orc Fighter began the quest for the Orb.
     0 | D:1      | Reached XP level 1. HP: 19/19 MP: 1/1
   110 | D:1      | Reached skill level 3 in Axes
   119 | D:1      | Reached XP level 2. HP: 27/27 MP: 2/2
   631 | D:1      | Reached XP level 3. HP: 33/33 MP: 3/3
   725 | D:2      | You fall into a shaft and drop 1 floor!
  1068 | D:2      | Reached XP level 4. HP: 39/40 MP: 4/4
  1082 | D:2      | Reached skill level 4 in Axes
  1467 | D:2      | Found a glowing silver altar of Zin.
  1781 | D:3      | Reached XP level 5. HP: 35/46 MP: 5/5
  1931 | D:3      | Reached skill level 5 in Axes
  2176 | D:3      | Found an ornate altar of the Wu Jian Council.
  2212 | D:3      | Reached XP level 6. HP: 52/53 MP: 6/6
  2249 | D:3      | Reached skill level 5 in Shields
  2542 | D:3      | Found a blossoming altar of Fedhas.
  2994 | D:4      | Reached skill level 6 in Axes
  2994 | D:4      | Reached XP level 7. HP: 50/60 MP: 7/7
  3118 | D:4      | Found Loepliva's Antique Weapon Emporium.
  3142 | D:4      | Reached skill level 5 in Fighting
  3755 | D:5      | Entered Level 5 of the Dungeon
  3988 | D:5      | Noticed Menkaure
  3991 | D:4      | Reached skill level 7 in Axes
  4000 | D:4      | Reached skill level 5 in Armour
  4000 | D:4      | Reached XP level 8. HP: 50/69 MP: 8/8
  4499 | D:5      | Killed Menkaure
  4616 | D:5      | Found a staircase to the Ecumenical Temple.
  4655 | Temple   | Entered the Ecumenical Temple
  5083 | D:5      | Found a runed translucent door.
  5084 | D:5      | Noticed Crazy Yiuf
  5211 | D:6      | Noticed Prince Ribbit
  5263 | D:5      | Reached skill level 8 in Axes
  5569 | D:5      | HP: 3/70 [Prince Ribbit (14)]
  5570 | D:5      | Slain by Prince Ribbit

Illustrated notes

Levels and vault maps discovered:
D:1:      dpeg_arrival_boxes_within_box, layout_loops_ring,
          minmay_misc_feat_five
D:2:      layout_rooms, zin_scriptorium, first_ration
D:3:      layout_rooms, marbit_many_paths, lemuel_round_altar
D:4:      layout_loops_ring, serial_shops, nicolae_shop_stone
D:5:      kennysheep_slugbush, layout_rooms, minmay_temple_entry_waves,
          uniq_menkaure, uniq_crazy_yiuf_cottage
D:6:      layout_loops_ring, minmay_checkerbox, uniq_prince_ribbit1,
          uniq_duvessa, uniq_sigmund, uniq_maggie
Temple:   hc_temple_tempest_star

Skill      XL: |  1  2  3  4  5  6  7  8 |
---------------+-------------------------+-----
Axes           | 3 4 5 6 7 8 |  8.2
Shields        | 4 5 6 7 |  7.3
Fighting       | 4 5 6 |  6.1
Armour         | 4 5 |  5.4

Action                   |  1- 3 |  4- 6 |  7- 9 || total
-------------------------+-------+-------+-------++-------
Melee: War axe           |    81 |   142 |   170 ||   393
  Use: Scroll            |       |     6 |     1 ||     7
       Potion            |       |       |     1 ||     1
  Eat: Chunk             |     1 |     6 |     5 ||    12
       Ration            |       |       |     1 ||     1
Armor: Scale mail        |    27 |    65 |    69 ||   161
Dodge: Dodged            |    27 |    36 |    38 ||   101
Block: Kite shield       |    37 |    68 |    98 ||   203
